 Dungeon Crawl Stone Soup version 0.31-a0-198-g2ad674f65e (webtiles) character file.

Game seed: 16091718887333828082

1628 rabbitsville the Fighter (level 8, -13/75 HPs)
             Began as a Hill Orc Fighter on June 25, 2023.
             Killed from afar by Maggie (21 damage)
             ... with a bolt of fire
             ... on level 6 of the Dungeon.
             The game lasted 00:11:30 (3933 turns).

rabbitsville the Fighter (Hill Orc Fighter)         Turns: 3933, Time: 00:11:30

Health: -13/75     AC: 13    Str: 21    XL:     8   Next: 97%
Magic:  8/8        EV:  5    Int:  8    God:
Gold:   260        SH:  6    Dex: 16    Spells: 7/7 levels left

rFire   . . .        a - +0 flail
rCold   . . .        c - +0 buckler
rNeg    . . .        v - +0 plate armour
rPois   .            e - +0 helmet
rElec   .            (no cloak)
rCorr   .            (no gloves)
SInv    .            x - +0 pair of boots
Will    .....        (no amulet) Stlth
                     g - +4 ring of slaying
HPRegen 0.32/turn    n - +6 ring of dexterity
MPRegen 0.11/turn

%: no passive effects
@: mesmerised
A: no striking features
a: no special abilities


You were on level 6 of the Dungeon.
You visited 1 branch of the dungeon, and saw 6 of its levels.
You also visited: Ossuary.

You collected 260 gold pieces.

Inventory:

Hand Weapons
 a - a +0 flail (weapon)
Missiles
 m - 6 javelins (quivered)
Armour
 b - a +0 scale mail
 c - a +0 buckler (worn)
 e - a +0 helmet (worn)
 q - a +2 ring mail of cold resistance
 v - a +0 plate armour (worn)
 x - a +0 pair of boots (worn)
Jewellery
 g - a +4 ring of slaying (left hand)
 n - a +6 ring of dexterity (right hand)
 p - an amulet of faith
Wands
 z - a wand of charming (8)
Scrolls
 h - a scroll of torment {unknown}
 k - 2 scrolls of teleportation
 l - 3 scrolls of blinking
 o - 2 scrolls of immolation {unknown}
 r - a scroll of enchant armour {unknown}
 u - 2 scrolls of identify {unknown}
 y - a scroll of enchant weapon {unknown}
 A - 2 scrolls of revelation {unknown}
 C - a scroll of fear {unknown}
Potions
 d - 2 potions of might
 f - 2 potions of heal wounds {unknown}
 i - 2 potions of curing {unknown}
 j - 3 potions of lignification {unknown}
 s - a potion of invisibility {unknown}
 t - 2 potions of enlightenment {unknown}
 w - a potion of berserk rage {unknown}
 B - a potion of magic {unknown}
 D - a potion of haste {unknown}


   Skills:
 + Level 8.5 Fighting
 + Level 7.2 Maces & Flails
 - Level 3.2 Armour
 + Level 7.7 Shields


You had 7 spell levels left.
You didn't know any spells.
Your spell library contained the following spells:

 Spells                   Type           Power      Damage    Failure   Level
 Scorch                   Fire           0%         2d5       100%        2
 Flame Wave               Conj/Fire      0%         2d4       100%        4
 Summon Cactus Giant      Summ           0%         N/A       100%        6


Dungeon Overview and Level Annotations

Branches:
Dungeon (6/15)            Ossuary (visited)
 Temple: D:4-7

Altars:
Cheibriados
Elyvilon
Kikubaaqudgha
Nemelex Xobeh
Okawaru
Trog
Uskayaw
Wu Jian
Yredelemnul
Zin
The Shining One

Annotations:
D:3 Grinder
D:5 2 transporters, Leavold's ghost, amateur DECj
D:6 Maggie


Message History

Maggie hits you with a +0 long sword of distortion.
Space warps around you.
You sock Maggie!
Maggie is severely wounded.
Maggie hits you but does no damage. Space warps horribly around you!
You sock Maggie!
Maggie is severely wounded.
The bullfrog hits you but does no damage.
Maggie casts a spell at you. The bolt of fire hits you!!
You hit Maggie.
Maggie is almost dead.
You block the bullfrog's attack. Maggie hits you but does no damage.
Space warps around you. The bullfrog hits you.
* * * LOW HITPOINT WARNING * * *
You hit Maggie.
Maggie is almost dead.
The bullfrog hits you but does no damage.
Maggie gestures wildly while chanting.
Maggie attempts to bespell you!
You are mesmerised by Maggie!
You barely miss Maggie.
Maggie is almost dead.
You block the bullfrog's attack.
Maggie hits you with a +0 long sword of distortion.
* * * LOW HITPOINT WARNING * * *
Space warps around you!
* * * LOW HITPOINT WARNING * * *
The bullfrog barely misses you.
You closely miss Maggie.
Maggie is almost dead.
The bullfrog hits you.
* * * LOW HITPOINT WARNING * * *
You block Maggie's attack.
The bullfrog hits you but does no damage.
You hit Maggie.
Maggie is almost dead.
Maggie casts a spell at you. The bolt of fire hits you!!
You die...

#.⌠.8.⌠.###.# #.......#...#
######...###.### ............#.#
###.#######..## ########
.##.##### #..#####......#
........# #....§...####.#
###.###.###..####@......#
....###......#..@...###.#########
.............#.##F..# #.....##..
####.######.##.##...###.###.##.#
#.# #...........@.# #.##.## ####
#.......####### #...... ###..##
#.##.##.## ####.##
#.@g..####.#......# #...
#.g.....##.#..##..# ##..
#Ff...#..#.#..##..# #..


You could see Maggie (mesmerising) and a bullfrog.

Vanquished Creatures
  A wraith (D:6)
  Menkaure (D:5)
  A black bear (D:6)
  A centaur (D:4)
  A phantom (D:5)
  3 scorpions
  3 wights (D:6)
  A howler monkey (D:5)
  4 centaur zombies (Ossuary)
  3 jellies (D:5)
  2 hounds
  2 gnoll boudas
  An iguana (D:6)
  3 sleepcaps
  2 orc wizards
  4 mummies (Ossuary)
  9 gnolls
  3 adders
  3 white imps
  An ufetubus (D:5)
  2 worms
  2 dart slugs (D:5)
  11 orcs
  6 endoplasms
  A giant cockroach (D:2)
  A goblin (D:2)
  3 hobgoblins
  3 quokkas
  3 ball pythons
  3 bats
  3 frilled lizards
  5 hobgoblin zombies (Ossuary)
  A kobold (D:2)
  4 rats
97 creatures vanquished.

Notes
Turn   | Place    | Note
-------+----------+-------------------------------------------
     0 | D:1      | rabbitsville the Hill Orc Fighter began the quest for the
                  | Orb.
     0 | D:1      | Reached XP level 1. HP: 19/19 MP: 1/1
    87 | D:1      | Found a faded altar of an unknown god.
   413 | D:1      | Reached XP level 2. HP: 27/27 MP: 2/2
   544 | D:2      | Reached skill level 4 in Fighting
   609 | D:2      | Reached XP level 3. HP: 33/33 MP: 3/3
  1276 | D:3      | Noticed Grinder
  1284 | D:3      | Paralysed by Grinder for 2 turns
  1641 | D:4      | Reached XP level 4. HP: 41/41 MP: 4/4
  1653 | D:4      | Reached XP level 5. HP: 40/47 MP: 5/5
  1832 | D:4      | Reached skill level 5 in Fighting
  1849 | D:4      | Noticed a centaur
  2186 | D:5      | Entered Level 5 of the Dungeon
  2195 | D:4      | Reached skill level 5 in Shields
  2195 | D:4      | Reached XP level 6. HP: 45/56 MP: 6/6
  2321 | D:5      | Noticed Menkaure
  2337 | D:5      | Killed Menkaure
  2338 | D:5      | Reached skill level 6 in Fighting
  2599 | D:4      | Reached skill level 5 in Maces & Flails
  2599 | D:4      | Reached XP level 7. HP: 53/63 MP: 7/7
  2954 | D:5      | Found a transporter.
  2998 | D:5      | Reached skill level 7 in Fighting
  3052 | D:5      | Noticed Leavold's ghost (amateur DECj)
  3080 | D:5      | Found a transporter.
  3108 | D:5      | Reached XP level 8. HP: 73/73 MP: 8/8
  3265 | D:6      | Noticed a wraith
  3272 | D:6      | Killed a wraith
  3316 | D:6      | Found a white marble altar of Elyvilon.
  3399 | D:6      | Found a basalt altar of Yredelemnul.
  3433 | D:6      | Reached skill level 8 in Fighting
  3458 | D:6      | Found a sand-covered staircase.
  3492 | D:6      | Found a bloodstained altar of Trog.
  3492 | D:6      | Found an ornate altar of the Wu Jian Council.
  3492 | D:6      | Found a snail-covered altar of Cheibriados.
  3492 | D:6      | Found an ancient bone altar of Kikubaaqudgha.
  3493 | D:6      | Found an iron altar of Okawaru.
  3493 | D:6      | Found a glowing silver altar of Zin.
  3496 | D:6      | Found a sparkling altar of Nemelex Xobeh.
  3496 | D:6      | Found a hide-covered altar of Uskayaw.
  3496 | D:6      | Found a glowing golden altar of the Shining One.
  3567 | D:6      | Noticed Maggie
  3610 | Ossuary  | Entered an ossuary
  3933 | D:6      | Killed from afar by Maggie

Illustrated notes

Levels and vault maps discovered:
D:1:      spicycebolla_arrival_clurvy, layout_basic, basic_ecumenical_altar
D:2:      wad_pebble_path, layout_loops_ring, nicolae_the_louvre
D:3:      layout_basic, kennysheep_path_1, uniq_grinder
D:4:      layout_loops_cross, nicolae_hexahallways, lightli_corner_chamber
D:5:      layout_rooms, gammafunk_ghost_gnarly_gnolls, uniq_menkaure
D:6:      layout_loops_cross, kennysheep_ying_yang, nicolae_overflows_in_rows,
          lightli_ossuary_entry_decrepit_ruins, minmay_misc_feat_room,
          minmay_holes, uniq_maggie

Skill      XL: |  1  2  3  4  5  6  7  8 |
---------------+-------------------------+-----
Fighting       | 4 5 6 7 8 |  8.5
Maces & Flails | 3 4 5 7 |  7.2
Shields        | 4 5 6 7 |  7.7
Armour         | |  3.2

Action                     |  1- 3 |  4- 6 |  7- 9 || total
---------------------------+-------+-------+-------++-------
  Melee: Flail             |    84 |    59 |   167 ||   310
  Throw: Javelin           |     2 |     3 |     6 ||    11
    Use: Scroll            |     1 |       |     2 ||     3
 Armour: Scale mail        |    30 |       |       ||    30
         Ring mail         |    15 |       |       ||    15
         Plate armour      |     8 |    33 |   132 ||   173
  Dodge: Dodged            |    37 |    14 |    38 ||    89
  Block: Buckler           |    23 |    19 |    69 ||   111

Table legend: (Time is in decaauts)
 A = Elapsed time spent in this place.
 B = Non-inter-level travel time spent in this place.
 C = Inter-level travel time spent in this place.
 D = Time resting spent in this place.
 E = Time spent auto-exploring this place.
 F = Levels seen in this place.
 G = Mean time per level.
                   A        B        C        D        E       F      G
               +--------+--------+--------+--------+--------+-----+--------+
         Total |   3999 |   3878 |    121 |    635 |   1826 |   7 |  571.3 |
       Dungeon |   3741 |   3620 |    121 |    505 |   1826 |   6 |  623.5 |
       Ossuary |    257 |    257 |      0 |    130 |      0 |   1 |  257.0 |
               +--------+--------+--------+--------+--------+-----+--------+

Top non-repeatable levels by time:
     D:4: 1403 daAuts
     D:2: 697 daAuts
     D:5: 603 daAuts
     D:1: 522 daAuts
     D:6: 421 daAuts
 Ossuary: 257 daAuts
     D:3: 93 daAuts
